 Seeded DCSS version 0.32-a0-35-gd9ff480968 (webtiles) character file.

Game seed: 9872065412798756122 (custom seed)

29428 timneilson the Nimble (level 13, -4/92 HPs)
             Began as an Octopode Shapeshifter on Jan 21, 2024.
             Was an Initiate of Gozag.
             Slain by an orc knight
             ... wielding a +1 long sword of venom
              (22 damage)
             ... on level 2 of the Orcish Mines.
             The game lasted 00:51:47 (17980 turns).

timneilson the Nimble (Octopode Shapeshifter)      Turns: 17980, Time: 00:51:47

Health: -4/92      AC:  3    Str: 29    XL:     13   Next: 45%
Magic:  28/28      EV: 17    Int: 20    God:    Gozag
Gold:   1398       SH:  5    Dex: 11    Spells: 10/20 levels left

rFire   + .          .
                       - Unarmed
rCold   + . .        (shield currently unavailable)
rNeg    + . .        y - +2 hat "Miciebov" {Str+5 Int+2 Stlth+}
rPois   +            A - amulet of reflection
rElec   .            s - ring "Zoylate" {rN+ MP+9}
rCorr   .            z - ring of wizardry
SInv    +            B - ring of see invisible
Will    +....        C - ring of Casuq {Str+6 Int+5}
Stlth   ++++++       D - ring of Beogh's Regard {rPois Will+}
HPRegen 0.35/turn    E - ring of protection from fire
MPRegen 0.21/turn    G - ring of protection from cold
                     (no ring)

%: reflection, wizardry (x1)
@: blade tentacles, studying 2 skills
A: almost no armour, amphibious, 8 rings, camouflage 1, gelatinous body 1,
(nimble swimmer 1), tentacles
a: Begin Untransformation, Renounce Religion, Potion Petition, Call Merchant,
Bribe Branch


You were on level 2 of the Orcish Mines.
You worshipped Gozag.
Gozag was most pleased with you.
You had blades for main tentacles.
You visited 4 branches of the dungeon, and saw 16 of its levels.
You also visited: Volcano.

You collected 3518 gold pieces.
You spent 2080 gold pieces at shops.
You paid 40 gold pieces to Gozag.

Inventory:

Missiles
 d - 37 poisoned darts
 u - 4 throwing nets
 x - 6 curare-tipped darts (quivered)
Armour
 y - the +2 hat "Miciebov" (worn) {Str+5 Int+2 Stlth+}
   (You acquired it on level 6 of the Dungeon)

   Str+5:     It affects your strength (+5).
   Int+2:     It affects your intelligence (+2).
   Stlth+:    It makes you more stealthy.
Jewellery
 s - the ring "Zoylate" (left blade tentacle) {rN+ MP+9}
   (You acquired it in the Ecumenical Temple)

   [ring of positive energy]

   rN+:       It protects you from negative energy.
   MP+9:      It affects your magic capacity (+9).
 z - a ring of wizardry (right blade tentacle)
 A - an amulet of reflection (around mantle)
 B - a ring of see invisible (on tentacle)
 C - the ring of Casuq (on tentacle) {Str+6 Int+5}
   (You found it on level 7 of the Dungeon)

   [ring of strength]

   Str+6:     It affects your strength (+6).
   Int+5:     It affects your intelligence (+5).
 D - the ring of Beogh's Regard (on tentacle) {rPois Will+}
   (You bought it in a shop on level 8 of the Dungeon)

   [ring of willpower]

   rPois:     It protects you from poison Will+: It increases your willpower.
 E - a ring of protection from fire (on tentacle)
 G - a ring of protection from cold (on tentacle)
Talismans
 b - a beast talisman
 c - a flux talisman
 p - a talisman of death
 L - a blade talisman (active)
 O - a dragon-blood talisman
Wands
 m - a wand of flame (10)
 v - a wand of paralysis (7)
 w - a wand of iceblast (10)
 F - a wand of mindburst (2)
Scrolls
 f - 4 scrolls of revelation
 j - 2 scrolls of brand weapon
 l - 2 scrolls of poison
 n - a scroll of vulnerability
 q - a scroll of fog
 r - 8 scrolls of teleportation
 t - 2 scrolls of amnesia
 I - a scroll of torment
 J - a scroll of enchant armour
 N - a scroll of blinking
Potions
 a - a potion of lignification
 e - 3 potions of magic
 h - 3 potions of mutation
 i - 2 potions of enlightenment
 k - 3 potions of invisibility
 o - 3 potions of brilliance
 H - 3 potions of attraction
 K - a potion of resistance
 M - a potion of heal wounds


   Skills:
 * Level 9.9 Fighting
 * Level 12.7 Dodging
 + Level 10.0 Stealth
 * Level 10.3 Unarmed Combat
 + Level 4.4 Spellcasting
 + Level 3.5 Translocations
 - Level 3.0 Air Magic
 - Level 3.0 Earth Magic
 + Level 5.3 Evocations
 * Level 12.1 Shapeshifting


You had 10 spell levels left.
You knew the following spells:

 Your Spells              Type           Power      Damage    Failure   Level
a - Swiftness             Air            16%        N/A       4%          3
b - Passwall              Erth           16%        N/A       4%          3
c - Blink                 Tloc           36%        N/A       1%          2
d - Lesser Beckoning      Tloc           36%        N/A       1%          2

Your spell library contained the following spells:

 Spells                   Type           Power      Damage    Failure   Level
 Momentum Strike          Conj/Tloc      22%        3d8       3%          2
 Call Imp                 Summ           8%         N/A       8%          2
 Ensorcelled Hibernation  Hex/Ice        8%         N/A       8%          2
 Sublimation of Blood     Necr           4%         N/A       8%          2
 Summon Hydra             Summ           2%         N/A       100%        7


Dungeon Overview and Level Annotations

Branches:
Dungeon (12/15)            Temple (1/1) D:5            Lair (1/5) D:9
    Orc (2/2) D:12        Volcano (visited)
    Elf: Orc:2

Altars:
Ashenzari
Cheibriados
Dithmenos
Elyvilon
Fedhas
Gozag
Hepliaklqana
Kikubaaqudgha
Makhleb
Nemelex Xobeh
Okawaru
Qazlal
Ru
Sif Muna
Trog
Uskayaw
Vehumet
Wu Jian
Xom
Yredelemnul
Zin
The Shining One

Shops:
D:1 :   D:8 =   D:9 *   Orc:2 [

Annotations:
D:4 1 runed translucent door
D:10 1 runed translucent door, pazhot's ghost, journeyman HOFi
Temple 2 transporters


Innate Abilities, Weirdness & Mutations

You have blades for main tentacles.
You are incapable of wielding weapons or throwing items.
You cannot wear most types of armour.
You are amphibious.
You can wear up to eight rings at the same time.
Your skin changes colour to match your surroundings (Stealth+).
Your rubbery body absorbs attacks. (AC +1, EV +1)
((You are camouflaged when in or above water. (Stealth+)))
You have tentacles for arms and can constrict up to eight enemies at once.


Message History

The orc knight is lightly wounded.
You closely miss the orc knight. You grab the orc knight.
The orc knight is lightly wounded.
You constrict the orc knight, but do no damage.
The orc knight escapes!
The orc wizard casts a spell at you. The puff of flame hits you. You resist.
You slash the orc knight! You grab the orc knight.
The orc knight is moderately wounded.
You constrict the orc knight. You closely miss the warg.
You squeeze the warg, but do no damage.
The warg is almost dead.
You constrict the orc knight, but do no damage.
The warg barely misses you. The orc knight misses you.
The warg barely misses you.
You slash the orc knight!
The orc knight is heavily wounded.
You constrict the orc knight.
The orc knight hits you with a +1 long sword of venom!!
The warg bites you!
You hit the orc knight but do no damage.
The orc knight is heavily wounded.
You constrict the orc knight. The warg closely misses you.
You block the orc knight's attack.
You hit the orc knight. You squeeze the orc knight.
The orc knight is heavily wounded.
You constrict the orc knight. You block the warg's attack.
The orc knight hits you with a +1 long sword of venom!!
You are poisoned.
You hit the orc knight but do no damage.
The orc knight is heavily wounded.
You constrict the orc knight.
You feel very sick. The warg bites you!
* * * LOW HITPOINT WARNING * * *
You feel better.
You constrict the orc knight! The warg bites you!
* * * LOW HITPOINT WARNING * * *
The orc knight hits you with a +1 long sword of venom!!
You die...
Your body crumbles into a pile of gold.

#...# ###♣..........
##'### ###P..........
#...###.............
#...#.#.......$#....
#...#..........$....
#...#.........#.....
#...##.......##....#
#####'##.......###.##.
#∩..#@##.........#####
#..oho#...........##..
#...#.#...........###.
#####.###+###......###
#.# #........# +.#
#......... #.+
#.......$$ #.#
#....<..$$ ..#
#.......$.


You could see an orc knight, a warg and an orc wizard (strong, invisible).

Vanquished Creatures
  Gastronok (D:10)
  Fannar (D:10)
  A dancing weapon (Volcano)
  3 two-headed ogres
  2 occultists (Volcano)
  2 orc sorcerers
  3 deep elf pyromancers
  A cyclops (D:12)
  An ugly thing (D:12)
  A kobold blastminer (Orc:2)
  5 toenail golems (Volcano)
  4 cane toads (Lair:1)
  3 unseen horrors
  A komodo dragon (D:10)
  A kobold demonologist (D:11)
  A troll (D:12)
  4 blink frogs (Lair:1)
  Sigmund (D:3)
  2 shadows (D:10)
  2 wraiths
  A wyvern (D:8)
  31 yaks
  5 humans (Volcano)
  2 basilisks (Lair:1)
  Grum (D:11)
  A steam dragon (D:7)
  A warg (Orc:2)
  7 vampire mosquitoes
  3 acid dragons
  9 water moccasins
  13 orc warriors
  2 ice beasts
  8 ogres
  6 black bears
  2 sky beasts
  2 wolves (D:11)
  12 centaurs
  2 kobold brigands
  Blork the orc (D:4)
  9 bullfrogs
  A gnoll sergeant (D:9)
  2 scorpions
  6 wights
  8 killer bees
  The ghost of timneilson the Insei, a weakling OpSh of Gozag (D:3)
  6 howler monkeys
  7 hounds
  2 bombardier beetles
  A gnoll bouda (D:9)
  6 orc priests
  4 jellies
  3 sleepcaps
  6 iguanas
  8 orc wizards
  The ghost of whatisthis the Cudgeller, a weakling TrGl (D:4)
  2 hound zombies (D:5)
  16 gnolls
  10 adders
  A white imp (D:6)
  2 ufetubi (D:6)
  A dart slug (D:4)
  3 ribbon worms
  69 orcs
  A bat (D:1)
  10 endoplasms
  2 giant cockroaches
  6 goblins
  10 hobgoblins
  2 jackals (D:9)
  A quokka (D:4)
  2 ball pythons
  2 frilled lizards (D:1)
  18 kobolds
  4 rats
382 creatures vanquished.

Vanquished Creatures (others)
  An ice beast (D:7)
1 creature vanquished.

Grand Total: 383 creatures vanquished

Notes
Turn   | Place    | Note
-------+----------+-------------------------------------------
     0 | D:1      | timneilson the Octopode Shapeshifter began the quest for
                  | the Orb.
     0 | D:1      | Reached XP level 1. HP: 13/13 MP: 1/1
   224 | D:1      | Found Logiotz's Book Emporium.
   294 | D:1      | Reached XP level 2. HP: 14/18 MP: 2/2
  1223 | D:2      | Reached skill level 1 in Stealth
  1223 | D:2      | Reached XP level 3. HP: 22/23 MP: 3/3
  1873 | D:2      | Found a faded altar of an unknown god.
  2038 | D:3      | Found a sparkling altar of Nemelex Xobeh.
  2039 | D:3      | Found an opulent altar of Gozag.
  2044 | D:3      | Became a worshipper of Gozag Ym Sagoz the Greedy
  2058 | D:3      | Found a runed translucent gate.
  2058 | D:3      | Found a runed translucent gate.
  2058 | D:3      | Found a runed translucent gate.
  2058 | D:3      | Noticed timneilson's ghost (weakling OpSh)
  2062 | D:3      | Identified the +2 leather armour of Nubi {rElec Regen+}
  2132 | D:3      | Found a shimmering altar of Xom.
  2133 | D:3      | Found a shadowy altar of Dithmenos.
  2188 | D:3      | You fall into a shaft and drop 3 floors!
  2191 | D:5      | Entered Level 5 of the Dungeon
  2196 | D:5      | Reached XP level 4. HP: 28/29 MP: 2/4
  2196 | D:5      | Noticed an ogre
  2231 | D:4      | Found a runed translucent door.
  2232 | D:4      | Noticed whatisthis's ghost (weakling TrGl)
  2249 | D:4      | Found a runed translucent door.
  2382 | D:3      | Noticed Sigmund
  2397 | D:3      | Killed Sigmund
  2398 | D:3      | Reached XP level 5. HP: 19/36 MP: 2/5
  2398 | D:3      | Reached XP level 6. HP: 21/41 MP: 2/6
  2926 | D:3      | Killed timneilson's ghost
  3038 | D:4      | Noticed a black bear
  3047 | D:4      | Killed a black bear
  3048 | D:4      | Reached XP level 7. HP: 39/46 MP: 4/7
  3293 | D:4      | Found a snail-covered altar of Cheibriados.
  3776 | D:4      | Noticed Blork the orc
  3781 | D:4      | Killed Blork the orc
  3952 | D:4      | Reached skill level 5 in Unarmed Combat
  4222 | D:4      | Killed whatisthis's ghost
  4223 | D:4      | Reached XP level 8. HP: 17/54 MP: 2/8
  4423 | D:5      | Reached skill level 5 in Shapeshifting
  4550 | D:5      | Found a staircase to the Ecumenical Temple.
  4566 | Temple   | Found a transporter.
  4566 | Temple   | Found a transporter.
  4566 | Temple   | Found a transporter.
  4566 | Temple   | Found a transporter.
  4566 | Temple   | Entered the Ecumenical Temple
  4567 | Temple   | Identified a scroll of acquirement
  4567 | Temple   | Acquired the ring "Zoylate" {rN+ MP+9}
  4665 | D:5      | Reached skill level 5 in Dodging
  4942 | D:5      | Found a hide-covered altar of Uskayaw.
  5148 | D:5      | Found a basalt altar of Yredelemnul.
  5216 | D:6      | Reached skill level 5 in Fighting
  5216 | D:6      | Reached skill level 5 in Stealth
  5383 | D:6      | Reached XP level 9. HP: 58/61 MP: 9/9
  6416 | D:6      | Acquired the +2 hat "Miciebov" {Str+5 Int+2 Stlth+}
  6418 | D:6      | Acquired a manual of Shapeshifting
  6420 | D:6      | Acquired a manual of Dodging
  6589 | D:7      | Found an ornate altar of the Wu Jian Council.
  6865 | D:7      | Noticed a deep elf pyromancer
  7182 | D:7      | Killed a deep elf pyromancer
  7183 | D:7      | Reached XP level 10. HP: 43/69 MP: 10/10
  7333 | D:7      | Identified the ring of Casuq {Str+6 Int+5}
  7665 | D:8      | Found Udeps's Jewellery Shoppe.
  7678 | D:8      | Bought an amulet of reflection for 390 gold pieces
  7678 | D:8      | Bought the ring of Beogh's Regard {rPois Will+} for 470
                  | gold pieces
  7694 | D:8      | Learned a level 3 spell: Swiftness
  7698 | D:8      | Learned a level 3 spell: Passwall
  8232 | D:8      | Found a bloodstained altar of Trog.
  8337 | D:9      | Found Xajeloir's Assorted Antiques.
  8363 | D:9      | Found a staircase to the Lair.
  8597 | D:9      | Reached skill level 1 in Air Magic
  8597 | D:9      | Reached skill level 1 in Evocations
  8828 | D:9      | Reached skill level 1 in Earth Magic
  9116 | D:9      | Reached skill level 1 in Spellcasting
  9295 | D:10     | Entered Level 10 of the Dungeon
  9420 | D:10     | Noticed an unseen horror
  9431 | D:10     | Killed an unseen horror
  9557 | D:10     | Noticed an unseen horror
  9565 | D:10     | Killed an unseen horror
  9574 | D:10     | Found a runed translucent door.
  9574 | D:10     | Noticed pazhot's ghost (journeyman HOFi)
  9939 | D:8      | Bought a ring of protection from fire for 325 gold pieces
  9939 | D:8      | Bought a ring of protection from cold for 325 gold pieces
 10054 | D:10     | Noticed Gastronok
 10079 | D:10     | Killed Gastronok
 10080 | D:10     | Reached XP level 11. HP: 25/75 MP: 13/13
 10623 | D:10     | Noticed Fannar
 10631 | D:10     | Killed Fannar
 11292 | D:11     | Noticed Grum
 11300 | D:11     | Killed Grum
 11633 | D:11     | Reached skill level 10 in Dodging
 12328 | D:12     | Noticed a deep elf pyromancer
 12335 | D:12     | Killed a deep elf pyromancer
 12578 | D:12     | Found a staircase to the Orcish Mines.
 12592 | D:12     | Noticed a purple ugly thing
 12601 | D:12     | Killed a purple ugly thing
 12602 | D:12     | Reached skill level 10 in Shapeshifting
 12721 | D:8      | Bought a blade talisman for 390 gold pieces
 12871 | D:1      | Bought a book of Spatial Translocations for 180 gold pieces
 12874 | D:1      | Learned a level 2 spell: Blink
 12877 | D:1      | Learned a level 2 spell: Lesser Beckoning
 13181 | D:12     | Noticed a deep elf pyromancer
 13187 | D:12     | Killed a deep elf pyromancer
 13246 | D:12     | Noticed a two-headed ogre
 13252 | D:12     | Killed a two-headed ogre
 13253 | D:12     | Reached XP level 12. HP: 45/84 MP: 16/16
 13607 | D:12     | Reached skill level 1 in Translocations
 14019 | Lair:1   | Entered Level 1 of the Lair of Beasts
 15715 | Lair:1   | Found the +8 whip "Snakebite" {venom, curare, rPois}
 16055 | Orc:1    | Entered Level 1 of the Orcish Mines
 16119 | Orc:1    | Found a dark tunnel.
 16130 | Volcano  | Entered a volcano
 16166 | Volcano  | Reached XP level 13. HP: 77/90 MP: 18/18
 16297 | Volcano  | Reached skill level 10 in Unarmed Combat
 16386 | Volcano  | Reached skill level 5 in Evocations
 16948 | Orc:2    | Entered Level 2 of the Orcish Mines
 17238 | Orc:2    | Reached skill level 10 in Stealth
 17968 | Orc:2    | Found Nycwe's Armour Shoppe.
 17980 | Orc:2    | Slain by an orc knight

Illustrated notes

Levels and vault maps discovered:
D:1:      dpeg_arrival_stone_temple_mockup, layout_loops_corners, serial_shops,
          shop, minmay_split_cup_large
D:2:      layout_basic, chequers_ecumenical_altar_grove, chequers_jeans
D:3:      cheibrodos_thug_alley, layout_rooms, grunt_temple_overflow_opulence,
          grunt_temple_overflow_open, biasface_ghost_orc_armoury, uniq_sigmund
D:4:      minmay_razor_zed, layout_gridville, cheibriados_altar_1,
          ebering_ghost_sewer_f, serial_bayou, serial_bayou_pond_d,
          serial_bayou_shore_b, serial_bayou_pond_a, serial_bayou_shore_b,
          uniq_blork_the_orc
D:5:      layout_rooms, lemuel_doored_altar, lemuel_zombie_altar_yredelemnul,
          minmay_temple_entry_overgrown, nicolae_underground_beach
D:6:      layout_basic
D:7:      minmay_clustersquares, layout_loops_cross,
          mainiacjoe_overflow_catwalk, kennysheep_windowed_goal
D:8:      layout_loops_ring, general_overflow_altar, serial_shops,
          nicolae_diamond_shop
D:9:      layout_cave_pools, lair_entry_dummy, serial_gnoll_camp,
          gnoll_camp_mini_shop, gnoll_camp_medium_02, gnoll_camp_mini_hut,
          gnoll_camp_mini_hut
D:10:     layout_irregular_city, hellmonk_ghost_big_iron,
          minmay_gold_behind_fungi, uniq_fannar, uniq_gastronok
D:11:     layout_loops_ring, uniq_grum
D:12:     layout_grid_maze, orc_0_dummy
Temple:   hellmonk_temple_divided_pantheon
Lair:1:   minmay_guarded_unrand_snakebite, layout_cave_pods,
          beast_lair_carwin_10, grunt_megastairs_1
Orc:1:    layout_caves, nicolae_volcano_entry_s_turn,
          nicolae_orc_takin'_care_of_business
Orc:2:    pubby_orc_utopia

Skill      XL: |  1  2  3  4  5  6  7  8  9 10 11 12 13 |
---------------+----------------------------------------+-----
Stealth        | 1 2 3 5 6 7 8 9 10 | 10.0
Fighting       | 2 3 4 5 6 7 8 9 |  9.9
Dodging        | 3 4 5 7 9 10 12 | 12.7
Unarmed Combat | 4 5 7 8 9 10 | 10.3
Shapeshifting  | 4 5 7 9 10 11 12 | 12.1
Air Magic      | 2 3 |  3.0
Evocations     | 2 3 4 5 |  5.3
Earth Magic    | 2 3 |  3.0
Spellcasting   | 1 2 3 4 |  4.4
Translocations | 2 3 |  3.5

Action                     |  1- 3 |  4- 6 |  7- 9 | 10-12 | 13-15 || total
---------------------------+-------+-------+-------+-------+-------++-------
  Melee: Unarmed           |    68 |    51 |   215 |   497 |   139 ||   970
         Constrict         |    14 |     9 |    44 |    77 |    28 ||   172
         Tentacles         |     8 |    15 |    54 |   134 |    22 ||   233
         Punch             |     2 |     1 |     8 |    11 |     7 ||    29
  Throw: Dart              |       |       |    41 |       |       ||    41
   Cast: Passwall          |       |       |       |     1 |     1 ||     2
  Evoke: Wand              |       |       |       |     5 |       ||     5
    Use: Scroll            |    11 |     4 |     8 |     8 |     1 ||    32
         Potion            |       |     1 |     3 |     3 |     3 ||    10
   Stab: Sleeping          |     9 |     2 |    14 |    18 |     9 ||    52
         Invisible         |       |     1 |       |       |     3 ||     4
         Distracted        |       |     2 |     1 |     3 |     1 ||     7
 Armour: Skin              |    23 |    24 |    99 |   160 |    45 ||   351
  Dodge: Dodged            |    30 |    21 |   124 |   297 |    95 ||   567
  Block: Other             |       |       |       |    77 |    23 ||   100
         Reflection        |       |       |       |     4 |     3 ||     7
   Form: Flux              |       |       |       |     1 |       ||     1
         Blade             |       |       |       |     1 |       ||     1

Table legend: (Time is in decaauts)
 A = Elapsed time spent in this place.
 B = Non-inter-level travel time spent in this place.
 C = Inter-level travel time spent in this place.
 D = Time resting spent in this place.
 E = Time spent auto-exploring this place.
 F = Levels seen in this place.
 G = Mean time per level.
                   A        B        C        D        E       F      G
               +--------+--------+--------+--------+--------+-----+--------+
         Total |  17870 |  16184 |   1686 |   3546 |   6976 |  17 | 1051.2 |
       Dungeon |  14251 |  12715 |   1536 |   2446 |   6183 |  12 | 1187.6 |
        Temple |      4 |      4 |      0 |      0 |      0 |   1 |    4.0 |
          Lair |   1926 |   1854 |     72 |    675 |    555 |   1 | 1926.0 |
  Orcish Mines |   1389 |   1312 |     77 |    386 |    221 |   2 |  694.5 |
       Volcano |    299 |    299 |      0 |     39 |     17 |   1 |  299.0 |
               +--------+--------+--------+--------+--------+-----+--------+

Top non-repeatable levels by time:
    D:10: 1969 daAuts
  Lair:1: 1926 daAuts
     D:4: 1425 daAuts
    D:12: 1323 daAuts
     D:6: 1245 daAuts
    D:11: 1173 daAuts
     D:7: 1156 daAuts
     D:2: 1067 daAuts
     D:1: 1040 daAuts
     D:3: 1022 daAuts
     D:8: 995 daAuts
     D:9: 986 daAuts
     D:5: 846 daAuts
   Orc:2: 708 daAuts
   Orc:1: 680 daAuts
